 Dungeon Crawl Stone Soup version 0.15.2 (webtiles) character file.

271 4tharraofdagon the Covered (level 5, -1/46 HPs)
             Began as a Demigod Fighter on Dec 30, 2014.
             Splashed by a jelly's acid (3 damage)
             ... on Level 5 of the Dungeon.
             The game lasted 00:09:42 (2044 turns).

4tharraofdagon the Covered (Demigod Fighter)        Turns: 2044, Time: 00:09:43

HP  -1/46        AC -8     Str 20      XL: 5   Next: 70%
MP   8/8         EV  3     Int 13      God:
Gold 227         SH  9     Dex 16      Spells:  0 memorised,  4 levels left

rFire  . . .     SeeInvis .     r - +2 flail (holy)
rCold  . . .     Clarity  .     u - +0 plate armour
rNeg   . . .     rCorr    .     c - +0 shield
rPois  .         rRot     .     (no helmet)
rElec  .         Spirit   .     n - +0 cloak
SustAb .         Warding  .     (no gloves)
rMut   .         Stasis   .     (no boots)
Gourm  .                        (no amulet)
MR     .....                    (no ring)
                                x - +4 ring of protection

@: corroded equipment, not resistant to hostile enchantments, extremely
unstealthy
A: no striking features
a: no special abilities


You were on level 5 of the Dungeon.
You were hungry.

You visited 2 branches of the dungeon, and saw 6 of its levels.

You collected 227 gold pieces.

Inventory:

Hand weapons
 a - a +0 war axe
 r - a +2 flail of holy wrath (weapon)
Armour
 b - a +0 scale mail
 c - a +0 shield (worn)
 j - a +0 ring mail
 k - a +0 ring mail
 n - a +0 cloak (worn)
 u - a +0 plate armour (worn)
 C - a +1 robe of cold resistance
Magical devices
 e - a wand of confusion (7)
 y - a wand of digging (10)
Comestibles
 d - 7 bread rations
 l - 2 meat rations
 o - 6 fruits
 z - a royal jelly
 A - a rotting chunk of quokka flesh
Scrolls
 m - a scroll of enchant weapon {unknown}
 q - a scroll of recharging {unknown}
 s - a scroll of immolation {unknown}
 F - a scroll of amnesia {unknown}
Jewellery
 x - a +4 ring of protection (left hand)
Potions
 f - a potion of brilliance {unknown}
 g - a potion of restore abilities
 h - 3 potions of heal wounds
 i - 2 potions of curing
 p - a potion of magic
 t - a potion of poison {unknown}
 v - 2 potions of berserk rage {unknown}
 B - a potion of agility {unknown}
 D - a potion of haste {unknown}
 E - a potion of porridge
Books
 w - a book of Wizardry

   Spells                             Type                      Level
   Agony                              Necromancy                   5
   Force Lance                        Conjuration                  5
   Dispersal                          Translocation                6
   Haste                              Charms                       6
   Invisibility                       Hexes                        6
   Spellforged Servitor               Conjuration/Summoning        7


   Skills:
 + Level 3.7 Fighting
 - Level 3.6(3.8) Axes
 * Level 1.2(2.6) Maces & Flails
 + Level 3.8 Armour
 - Level 1.1 Dodging
 - Level 2.6 Shields


You had 4 spell levels left.
You didn't know any spells.

Dungeon Overview and Level Annotations

Branches:
Dungeon (5/15)             Temple (1/1) D:4

Annotations:
D:3 kober's ghost, average DEIE


Message History

The jelly is heavily wounded.
The jelly completely misses you.
You hit the jelly.
The jelly is severely wounded.
You block the jelly's attack. The jelly hits you.
You are splashed with acid!
The acid burns!
You hit the jelly.
The jelly is almost dead.
The jelly hits you.
You are splashed with acid!
The acid burns!
You completely miss the jelly.
The jelly is almost dead.
The jelly hits you.
You are splashed with acid!
The acid burns!
You hit the jelly but do no damage. The acid corrodes your equipment!
The jelly is almost dead.
The jelly hits you.
You are splashed with acid!
The acid burns!
* * * LOW HITPOINT WARNING * * *
The jelly hits you.
* * * LOW HITPOINT WARNING * * *
You are splashed with acid!
The acid corrodes your equipment!
The acid burns!
You die...

#.#.# #.#.#
#######.#.#
..........#
#######.######### #
#............... .#
#.####.##########.##
#.# #.J..# #.# #@#
#.# #.# #.# #.# #.#
#.# #.########.#
#...<......#
############


You could see a jelly.

Vanquished Creatures
  Edmund (D:4)
  A hippogriff zombie (D:5)
  A hound skeleton (D:5)
  An adder (D:2)
  2 giant mites
  A worm (D:5)
  A giant gecko (D:4)
  An orc (D:5)
  3 ball pythons
  9 bats
  3 giant cockroaches
  8 goblins
  6 hobgoblins
  4 jackals (D:1)
  3 quokkas
  6 giant newts
  6 kobolds
  11 rats
  A rat skeleton (D:5)
69 creatures vanquished.

Notes
Turn   | Place    | Note
--------------------------------------------------------------
     0 | D:1      | 4tharraofdagon, the Demigod Fighter, began the quest for the Orb.
     0 | D:1      | Reached XP level 1. HP: 18/18 MP: 2/2
    48 | D:1      | Reached XP level 2. HP: 19/25 MP: 3/3
   255 | D:1      | Reached skill level 3 in Armour
   615 | D:2      | Reached XP level 3. HP: 28/30 MP: 5/5
   784 | D:2      | Reached skill level 1 in Dodging
  1147 | D:3      | Noticed an ogre
  1389 | D:3      | Reached XP level 4. HP: 35/38 MP: 7/7
  1492 | D:4      | Found a staircase to the Ecumenical Temple.
  1498 | Temple   | Entered the Ecumenical Temple
  1551 | D:4      | Found a glowing golden altar of the Shining One.
  1552 | D:4      | Found a white marble altar of Elyvilon.
  1554 | D:4      | Found a radiant altar of Vehumet.
  1555 | D:4      | Found a glowing silver altar of Zin.
  1559 | D:4      | Found a shimmering altar of Xom.
  1559 | D:4      | Found a blossoming altar of Fedhas.
  1737 | D:3      | Noticed kober's ghost (average DEIE)
  1771 | D:4      | Noticed Edmund
  1798 | D:4      | Killed Edmund
  1798 | D:4      | Reached XP level 5. HP: 35/45 MP: 8/8
  1848 | D:5      | Entered Level 5 of the Dungeon
  1979 | D:5      | Reached skill level 1 in Maces & Flails
  2044 | D:5      | HP: 2/46 [jelly (3)]
  2044 | D:5      | Splashed by a jelly's acid

Action                   |  1- 3 |  4- 6 || total
-------------------------+-------+-------++-------
Melee: War axe           |   188 |    30 ||   218
       Flail             |       |    23 ||    23
Evoke: Wand              |     1 |       ||     1
  Use: Scroll            |     4 |       ||     4
       Potion            |     1 |     2 ||     3
 Stab: Invisible         |       |     1 ||     1
  Eat: Chunk             |     2 |     2 ||     4
